 Dungeon Sprint DCSS version 0.17-a0-1646-geb1493d (webtiles) character file.

1246 nuthulu the Thrower (level 8, -3/132 HPs)
             Began as a Troll Hunter on Aug 10, 2015.
             Slain by a boulder beetle (32 damage)
             ... in the Dungeon (Sprint II: "The Violet Keep of Menkaure").
             The game lasted 00:02:17 (355 turns).

nuthulu the Thrower (Troll Hunter)                   Turns: 355, Time: 00:02:17

Health: -3/132     AC:  8    Str: 26    XL:     8   Next: 25%
Magic:  7/7        EV: 13    Int:  9    God:
Gold:   130        SH:  0    Dex: 12    Spells: 0 memorised, 7 levels left

rFire  . . .     SeeInvis .       - Unarmed
rCold  . . .     Clarity  .     c - +2 robe
rNeg   . . .     SustAt   .     (no shield)
rPois  +         Gourm    +     (helmet restricted)
rElec  .         Spirit   .     l - +0 cloak
rCorr  .         Warding  .     (gloves unavailable)
rMut   .         NoTele   +     (boots unavailable)
MR     .....                    (no amulet)
Stlth  ..........               (no ring)
                                m - ring of Cukasedd {rPois Int+2 Slay+2}

@: berserking (expiring), very quick, not resistant to hostile enchantments,
extremely unstealthy
A: unfitting armour, claws 3, fast metabolism 3, gourmand, regeneration 2,
shaggy fur 1, tough skin 2
a: no special abilities


You were in the Dungeon.
You were not hungry.

You visited 1 branch You collected 729 gold pieces.
You spent 599 gold pieces at shops.

Inventory:

Missiles
 b - a throwing net (quivered)
Armour
 c - a +2 robe (worn)
 d - a +0 robe
 l - a +0 cloak (worn)
Jewellery
 m - the ring of Cukasedd (left claw) {rPois Int+2 Slay+2}
   (You bought it in a shop in the Dungeon)

   [ring of slaying]

   It affects your intelligence (+2).
   It affects your accuracy and damage with ranged weapons and melee attacks
   (+2).
   It protects you from poison.
Scrolls
 k - a scroll of blinking
Potions
 f - a potion of curing
 g - 2 potions of heal wounds
 h - a potion of haste
 i - 2 potions of magic
Comestibles
 e - 2 bread rations


   Skills:
 + Level 7.9 Fighting
 + Level 9.2 Throwing
 + Level 7.9 Dodging
 - Level 0.4 Stealth
 + Level 9.1 Unarmed Combat


You had 7 spell levels left.
You didn't know any spells.

Dungeon Overview and Level Annotations

Branches:
Dungeon (1/1)

Altars:

Shops:
D [[:==*:!=}%(?*!(

Annotations:
D exclusion: oklob plant


Innate Abilities, Weirdness & Mutations

You are too large for most types of armour.
You have claws for hands.
Your metabolism is lightning-fast.
You like to eat raw meat.
You heal very quickly.
You are covered in fur (AC +1).
You have very tough skin (AC +2).


Message History

* * * LOW HITPOINT WARNING * * *
You claw the boulder beetle!
You kill the boulder beetle!
Your Unarmed Combat skill increases to level 9!
You scratch the boulder beetle.
The boulder beetle is lightly wounded.
You scratch the boulder beetle but do no damage.
The boulder beetle is lightly wounded.
You scratch the boulder beetle but do no damage.
The boulder beetle is lightly wounded.
The boulder beetle bites you.
* * * LOW HITPOINT WARNING * * *
You completely miss the boulder beetle.
The boulder beetle is lightly wounded.
You mangle the boulder beetle!!
The boulder beetle is moderately wounded.
You mangle the boulder beetle!!
The boulder beetle is heavily wounded.
The boulder beetle bites you!!
You die...

#########≈≈≈...
.......∩#≈≈≈≈.##+##
∩.....∩.#≈≈≈≈##...##
.∩...∩.∩#≈≈≈≈#.)#..#
∩.∩.∩.∩.#≈≈####...####
.∩.∩.∩..#≈##.###'###.##
..∩.∩...#≈#.#.##.##...#
...⌠....'≈'†##'.<.÷.##+
........#≈#..###@##...#
▓▓▓▓▓▓###≈##.# #B###.##
)$G######≈≈### (#. ###
!?$#l ##≈≈≈ .. ..
∩P?+.$ +#≈##. .## $.$ $
≈≈## ## $(. ## ≈≈ ++


You could see a boulder beetle.

Vanquished Creatures
  A siren (D)
  A boulder beetle (D)
  Menkaure (D)
  4 necrophages (D)
  4 brain worms (D)
11 creatures vanquished.

Notes
Turn   | Place    | Note
--------------------------------------------------------------
     0 | D        | nuthulu the Troll Hunter began the quest for the Orb.
     0 | D        | Reached XP level 1. HP: 19/19 MP: 0/0
     2 | D        | Noticed a brain worm
     5 | D        | Noticed a siren
    11 | D        | Killed a siren
    11 | D        | Reached skill level 5 in Fighting
    11 | D        | Reached skill level 7 in Throwing
    11 | D        | Reached skill level 5 in Dodging
    11 | D        | Reached XP level 2. HP: 24/36 MP: 1/1
    11 | D        | Reached XP level 3. HP: 29/44 MP: 2/2
    11 | D        | Reached XP level 4. HP: 34/52 MP: 3/3
    11 | D        | Reached XP level 5. HP: 38/59 MP: 4/4
    11 | D        | Reached XP level 6. HP: 43/67 MP: 5/5
    55 | D        | Noticed a boulder beetle
    55 | D        | Noticed a boulder beetle
    58 | D        | Noticed a necrophage
    58 | D        | Noticed a necrophage
    58 | D        | Noticed a necrophage
    58 | D        | Noticed a necrophage
    63 | D        | Killed a necrophage
    71 | D        | Killed a necrophage
    79 | D        | Killed a necrophage
    79 | D        | Reached skill level 8 in Throwing
    79 | D        | Reached XP level 7. HP: 60/73 MP: 6/6
    86 | D        | Killed a necrophage
   128 | D        | Killed a brain worm
   131 | D        | Noticed a brain worm
   132 | D        | Killed a brain worm
   137 | D        | Noticed a brain worm
   137 | D        | Noticed a brain worm
   140 | D        | Killed a brain worm
   143 | D        | Killed a brain worm
   248 | D        | Found Gonwown's Gadget Emporium.
   248 | D        | Found Qayrarrirhu's Antique Weapon Emporium.
   248 | D        | Found Joemuj's Assorted Antiques.
   248 | D        | Found Hisazikk's Jewellery Shoppe.
   248 | D        | Found Ahaonoast's Food Shoppe.
   249 | D        | Found Uchajec's Distillery.
   249 | D        | Found Geef Kecwof's Antique Weapon Emporium.
   249 | D        | Found Ewnug's Magic Scroll Shoppe.
   249 | D        | Found Feewir's Distillery.
   250 | D        | Found Zino's Book Shoppe.
   250 | D        | Found Exompat's Assorted Antiques.
   250 | D        | Noticed a great orb of eyes
   252 | D        | Found Weehyc's Jewellery Emporium.
   252 | D        | Found Fogumysoi's Jewellery Shoppe.
   252 | D        | Noticed Menkaure
   252 | D        | Noticed an oklob plant
   253 | D        | Found Feyfikk's Antique Armour Shoppe.
   253 | D        | Found Zuitrio Toga's Book Shoppe.
   253 | D        | Found Xufriq Naef's Antique Armour Emporium.
   263 | D        | Noticed a wyvern
   266 | D        | Killed Menkaure
   266 | D        | Reached skill level 9 in Throwing
   266 | D        | Reached XP level 8. HP: 84/84 MP: 7/7
   286 | D        | Bought a potion of heal wounds for 50 gold pieces
   286 | D        | Bought a potion of heal wounds for 50 gold pieces
   299 | D        | Bought an embroidered robe for 18 gold pieces
   313 | D        | Bought a cloak for 117 gold pieces
   321 | D        | Bought the ring of Cukasedd {rPois Int+2 Slay+2} for 364 gold pieces
   349 | D        | Killed a boulder beetle
   355 | D        | Slain by a boulder beetle

Vault maps used:
D:        the_violet_keep_of_menkaure

Action                   |  1- 3 |  4- 6 |  7- 9 || total
-------------------------+-------+-------+-------++-------
Melee: Unarmed           |       |    11 |    28 ||    39
Throw: Large rock        |     5 |     5 |     7 ||    17
       Throwing net      |       |     1 |       ||     1
  Use: Potion            |       |       |     2 ||     2
 Stab: Held in net/web   |       |     1 |       ||     1
  Eat: Chunk             |       |     3 |       ||     3
